 Dungeon Crawl Stone Soup version 0.29-a0-22-gbf593b16ee (webtiles) character file.

Game seed: 5003364458760542081

381 issech the Cudgeller (level 6, -2/61 HPs)
             Began as a Troll Monk on Jan 29, 2022.
             Slain by a water moccasin (7 damage)
             ... on level 4 of the Dungeon.
             The game lasted 00:10:24 (3535 turns).

issech the Cudgeller (Troll Monk)                   Turns: 3535, Time: 00:10:25

Health: -2/61      AC:  5    Str: 20    XL:     6   Next: 46%
Magic:  5/5        EV: 11    Int:  6    God:
Gold:   190        SH:  0    Dex: 14    Spells: 5/5 levels left

rFire   . . .      SeeInvis .   a - +0 mace
rCold   . . .      Faith    .   (no shield)
rNeg    . . .      Spirit   .   b - +0 robe
rPois   .          Reflect  .   (helmet restricted)
rElec   .          Harm     .   h - +0 cloak
rCorr   .          Rampage  .   (gloves unavailable)
Will    .....                   (boots unavailable)
Stlth   ++........              (no amulet)
HPRegen 1.00/turn               (no ring)
MPRegen 0.09/turn               (no ring)

@: lethally poisoned (-2 -> -6)
A: large, unfitting armour, claws 3, regeneration 1, shaggy fur 1, tough skin 1
a: no special abilities


You were on level 4 of the Dungeon.
You visited 1 branch of the dungeon, and saw 4 of its levels.

You collected 190 gold pieces.

Inventory:

Hand Weapons
 a - a +0 mace (weapon)
 l - a +3 dagger
 n - a +0 hunting sling
 p - a +0 halberd
 q - a +1 dagger of venom
 t - a +0 flail
Missiles
 i - 19 stones (quivered)
 m - 4 large rocks
Armour
 b - a +0 robe (worn)
 h - a +0 cloak (worn)
Jewellery
 d - a ring of fire
Wands
 k - a wand of iceblast (28)
Scrolls
 c - a scroll of fear {unknown}
 j - a scroll of identify {unknown}
 o - a scroll of amnesia {unknown}
 r - a scroll of vulnerability {unknown}
Potions
 e - a potion of curing {unknown}
 f - a potion of degeneration {unknown}
 g - a potion of mutation {unknown}
 s - a potion of cancellation {unknown}


   Skills:
 + Level 3.6 Fighting
 + Level 4.9 Maces & Flails
 + Level 3.4 Dodging
 + Level 1.6 Stealth


You had 5 spell levels left.
You didn't know any spells.
Your spell library contained the following spells:

 Spells                   Type           Power      Damage    Failure   Level
 Animate Skeleton         Necr           0%         N/A       45%         1
 Beastly Appendage        Tmut           0%         N/A       45%         1
 Pain                     Necr           0%         1d4       45%         1
 Wereblood                Tmut           0%         N/A       58%         2
 Dazzling Flash           Conj/Hex       0%         N/A       83%         3
 Spider Form              Tmut/Pois      0%         N/A       83%         3
 Vampiric Draining        Necr           0%         2d6       83%         3
 Agony                    Necr           0%         N/A       100%        5
 Silence                  Hex/Air        0%         N/A       100%        5


Dungeon Overview and Level Annotations

Branches:
Dungeon (4/15)
 Temple: D:4-7

Altars:
Ashenzari


Innate Abilities, Weirdness & Mutations

You are too large for most types of armour.
You have claws for hands.
Your natural rate of healing is unusually fast.
You are covered in fur. (AC +1)
You have tough skin. (AC +1)


Message History

You sock the water moccasin!
The water moccasin is heavily wounded.
You feel very sick. The water moccasin bites you.
You feel sick. The water moccasin bites you.
You barely miss the water moccasin.
The water moccasin is heavily wounded.
You feel sick.
The water moccasin bites you but does no damage.
You hit the water moccasin but do no damage.
The water moccasin is heavily wounded.
You feel sick. The water moccasin bites you. x2
You hit the water moccasin.
The water moccasin is heavily wounded.
You feel sick. The water moccasin bites you!
You hit the water moccasin.
The water moccasin is severely wounded.
You feel sick. The water moccasin bites you.
* * * LOW HITPOINT WARNING * * *
The water moccasin misses you.
You feel sick.
You feel sick. The water moccasin bites you.
* * * LOW HITPOINT WARNING * * *
You feel sick.
You are no longer poisoned.
The water moccasin bites you.
* * * LOW HITPOINT WARNING * * *
The water moccasin misses you. The water moccasin closely misses you.
The water moccasin bites you but does no damage.
The water moccasin bites you!
* * * LOW HITPOINT WARNING * * *
You are poisoned.
The water moccasin poisons you!
* * * LOW HITPOINT WARNING * * *
You feel very sick.
* * * LOW HITPOINT WARNING * * *
You feel very sick. The water moccasin bites you!
You die...

#.# #.##.#.# #.# #)
#.. #.##.#.# #.## #.
#.. #.##.#†# #..# #.
#.. #.##.#.# ##.# #.
#... ###.##.#.# #.#
#. #....#.#.#
#.####. #.#..#.#.#
#..##.. #.#S.#.#.#
##.##.. #.#@.#.#.#
#.##.. #.#..#.#.#
#..#.. #.#..#.#.#
##.#..
#.#####.#..#.#.#
#....
#..........#.#.#
##.##
...........#.#.#
#..#
###########.#..#.#.#
##.#
#.....<...#.#..#.#.#
#.#
#.###.###.#.####.#.#
#..


You could see a water moccasin.

Vanquished Creatures
  A scorpion (D:4)
  3 orc priests (D:4)
  Ijyb (D:4)
  Robin (D:3)
  7 gnolls (D:4)
  4 adders (D:3)
  An adder skeleton (D:4)
  3 dart slugs
  3 orcs (D:4)
  12 ball pythons
  5 bats
  6 endoplasms
  A giant cockroach (D:1)
  13 goblins
  11 hobgoblins
  3 jackals (D:4)
  A quokka (D:4)
  2 frilled lizards
  3 kobolds
  8 rats
89 creatures vanquished.

Vanquished Creatures (others)
  A plant (D:3)
1 creature vanquished.

Grand Total: 90 creatures vanquished

Notes
Turn   | Place    | Note
-------+----------+-------------------------------------------
     0 | D:1      | issech the Troll Monk began the quest for the Orb.
     0 | D:1      | Reached XP level 1. HP: 22/22 MP: 0/0
   306 | D:1      | Reached XP level 2. HP: 29/29 MP: 1/1
   347 | D:1      | Found a faded altar of an unknown god.
   461 | D:1      | Reached skill level 3 in Maces & Flails
   779 | D:1      | You fall into a shaft and drop 1 floor!
  1055 | D:2      | Found a broken altar of Ashenzari.
  1562 | D:3      | Reached XP level 3. HP: 36/36 MP: 2/2
  2267 | D:3      | Noticed Robin
  2282 | D:3      | Reached XP level 4. HP: 42/45 MP: 3/3
  2302 | D:3      | Killed Robin
  2797 | D:4      | Reached XP level 5. HP: 48/53 MP: 4/4
  2801 | D:4      | Reached skill level 4 in Maces & Flails
  3299 | D:4      | Reached XP level 6. HP: 36/61 MP: 5/5
  3359 | D:4      | Noticed Ijyb
  3377 | D:4      | Killed Ijyb
  3499 | D:4      | Noticed a water moccasin
  3535 | D:4      | Slain by a water moccasin

Illustrated notes

Levels and vault maps discovered:
D:1:      psy_arrival_terrarium, layout_loops_corners,
          hellmonk_ecumenical_altar_zigzags, minmay_tetromino_s2
D:2:      layout_loops_ring, basic_altar
D:3:      minmay_skewed_foursquare, layout_loops_corners,
          minmay_misc_feat_columns, serial_bayou_lagoon_a,
          minmay_misc_feat_tower, uniq_robin
D:4:      layout_basic, uniq_natasha, uniq_grinder, uniq_ijyb

Skill      XL: |  1  2  3  4  5 |
---------------+----------------+-----
Maces & Flails | 3 4 |  4.9
Fighting       | 3 |  3.6
Dodging        | 3 |  3.4
Stealth        | |  1.6

Action                   |  1- 3 |  4- 6 || total
-------------------------+-------+-------++-------
Melee: Mace              |   144 |   185 ||   329
       Punch             |       |     3 ||     3
 Stab: Sleeping          |     5 |       ||     5
Armor: Robe              |   100 |    40 ||   140
Dodge: Dodged            |   112 |   107 ||   219

Table legend: (Time is in decaauts)
 A = Elapsed time spent in this place.
 B = Non-inter-level travel time spent in this place.
 C = Inter-level travel time spent in this place.
 D = Time resting spent in this place.
 E = Time spent auto-exploring this place.
 F = Levels seen in this place.
 G = Mean time per level.
                   A        B        C        D        E       F      G
               +--------+--------+--------+--------+--------+-----+--------+
         Total |   3613 |   3487 |    126 |     22 |   1808 |   4 |  903.2 |
       Dungeon |   3613 |   3487 |    126 |     22 |   1808 |   4 |  903.2 |
               +--------+--------+--------+--------+--------+-----+--------+

Top non-repeatable levels by time:
     D:3: 1228 daAuts
     D:1: 1007 daAuts
     D:4: 823 daAuts
     D:2: 555 daAuts
